Map: Hard Lead LE

Players

Subwayeatn - Winner!

  • Race: Zerg Zerg
  • Spawn Location: 11:00

CosmicIstari

  • Race: Terran Terran
  • League: Gold
  • Spawn Location: 5:00

VOD

Have the link to the VOD?

Description

Time

  • Played on: Oct. 14, 2023, 10:25 p.m.
  • Length: 15:08
Show
View Real Time Build Order
Export as new Build Order

Subwayeatn Zerg - Winner!

Build Orders: Hatch First, Lurkers, Roach Hydra 

Get SALT Encoding   

  12  0:01  Drone  
  13  0:14  Overlord  
  13  0:19  Drone  
  14  0:33  Drone x2  
  16  0:49  Hatchery  
  15  0:55  Drone x2  
  17  1:00  Extractor  
  17  1:03  Drone  
  17  1:15  Spawning Pool  
  16  1:19  Drone  
  16  1:22  Drone  
  18  1:30  Drone  
  19  1:42  Overlord  
  19  2:02  Queen  
  19  2:03  Queen  
  19  2:07  Zergling x2  
  19  2:08  Zergling x2  
  25  2:10  Zergling x2  
  26  2:23  Drone  
  26  2:24  Drone  
  26  2:25  Drone x2  
  30  2:36  Overlord  
  30  2:44  Queen  
  32  2:54  Lair  
  32  3:02  Roach Warren  
  31  3:06  Drone x4  
  34  3:24  Drone x7  
  41  3:39  Overlord  
  41  3:54  Evolution Chamber  
  40  3:56  Evolution Chamber  
  40  4:00  Drone x8  
  47  4:06  Extractor  
  47  4:07  Extractor  
  45  4:10  Glial Reconstitution  
  45  4:15  Drone  
  45  4:16  Drone x2  
  48  4:25  Overlord  
  48  4:28  Overlord  
  46  4:37  Zerg Missile Weapons Level 1, Zerg Ground Armor Level 1  
  46  4:44  Roach x6  
  58  4:48  Roach  
  60  4:59  Roach x2  
  64  5:12  Roach x2  
  68  5:18  Overlord  
  68  5:19  Overlord  
  68  5:33  Hatchery  
  68  5:34  Overlord  
  68  5:35  Overlord  
  45  6:15  Extractor  
  45  6:16  Hydralisk Den  
  43  6:26  Infestation Pit  
  43  6:27  Drone x2  
  43  6:28  Drone x14  
  58  6:38  Drone x2  
  58  6:39  Drone x2  
  62  6:44  Drone  
  63  6:49  Queen  
  63  6:53  Hydralisk  
  63  6:54  Hydralisk x3  
  73  7:02  Grooved Spines  
  73  7:10  Roach  
  73  7:11  Roach x5  
  73  7:15  Drone  
  86  7:17  Overlord x3  
  86  7:18  Overlord  
  86  7:23  Zerg Missile Weapons Level 2, Zerg Ground Armor Level 2  
  86  7:29  Zergling x2  
  87  7:39  Hydralisk x3  
  87  7:40  Hydralisk x3  
  99  7:52  Muscular Augments  
  99  7:59  Drone x8  
  99  8:02  Extractor x2  
  105  8:07  Pneumatized Carapace  
  105  8:09  Infestor  
  107  8:14  Infestor  
  109  8:31  Lurker Den  
  108  8:39  Drone  
  109  8:41  Drone  
  109  8:43  Hatchery  
  109  9:04  Hydralisk  
  109  9:05  Hydralisk x9  
  129  9:12  Infestor  
  129  9:13  Spine Crawler  
  130  9:18  Spine Crawler  
  130  9:21  Extractor  
  128  9:42  Hive  
  128  9:46  Hatchery  
  128  9:51  Overlord x6  
  128  9:52  Overlord  
  127  9:54  Roach x5  
  137  10:00  Zergling x2  
  137  10:05  Overlord  
  137  10:06  Overlord  
  138  10:22  Hydralisk  
  138  10:23  Hydralisk x10  
  160  10:31  Spore Crawler  
  159  10:47  Zerg Melee Weapons Level 1  
  159  11:01  Extractor x2  
  157  11:20  Queen  
  157  11:22  Overseer  
  157  11:23  Overseer  
  157  11:24  Overseer  
  159  11:26  Drone x3  
  159  11:27  Drone x2  
  159  11:28  Drone  
  159  11:29  Drone x2  
  159  11:30  Drone x2  
  169  11:33  Viper x4, Extractor  
  180  11:50  Ravager  
  180  11:52  Lurker  
  182  11:54  Lurker x5  
  182  11:55  Lurker  
  182  11:56  Lurker x2  
  182  12:00  Queen  
  192  12:04  Drone  
  159  12:51  Roach  
  159  12:52  Roach x18  
  189  13:09  Roach  
  189  13:10  Roach x3  
  186  13:22  Hydralisk  
  186  13:23  Hydralisk x3  
  120  13:49  Roach  
  120  13:50  Roach x11  
  120  13:51  Queen  
  142  14:12  Lurker x3  
  142  14:13  Lurker x4  
  149  14:30  Hatchery  
  181  14:59  Extractor, Hatchery  
  176  15:02  Extractor  
Show
View Real Time Build Order
Export as new Build Order

CosmicIstari Terran 

Build Orders:  

Get SALT Encoding   

  12  0:13  SCV  
  12  0:14  Supply Depot  
  13  0:25  SCV  
  14  0:37  SCV  
  15  0:48  Barracks  
  15  0:49  SCV  
  16  1:01  SCV  
  16  1:03  Supply Depot  
  17  1:05  Refinery  
  17  1:36  Orbital Command  
  17  1:44  Command Center  
  17  1:48  Marine  
  18  2:06  Marine  
  19  2:14  Bunker  
  19  2:24  Marine  
  19  2:25  SCV  
  19  2:26  Factory  
  21  2:37  SCV  
  21  2:42  Marine, Refinery  
  23  2:49  SCV  
  24  3:00  Orbital Command  
  24  3:01  SCV  
  24  3:08  Barracks Reactor  
  24  3:13  Factory Tech Lab  
  24  3:31  Siege Tank  
  27  3:49  Supply Depot  
  27  3:50  SCV  
  27  3:52  SCV  
  29  4:02  SCV, Starport  
  30  4:04  SCV  
  31  4:14  Siege Tank, SCV  
  31  4:16  SCV  
  36  4:26  SCV  
  36  4:28  SCV  
  38  4:35  Supply Depot  
  38  4:38  SCV  
  39  4:43  Engineering Bay  
  39  4:57  Starport Reactor  
  39  5:00  Supply Depot  
  39  5:14  Barracks  
  39  5:15  Barracks x2, SCV  
  39  5:16  Barracks x2, SCV  
  39  5:20  Siege Tank  
  44  5:27  SCV  
  44  5:28  SCV  
  46  5:32  Missile Turret x2  
  46  5:33  Marine  
  47  5:39  Marine  
  47  5:50  Marine  
  48  5:57  Marine  
  49  6:09  Barracks Tech Lab  
  49  6:10  Barracks Tech Lab  
  49  6:19  Barracks Reactor  
  49  6:21  Barracks Reactor  
  49  6:25  Barracks Reactor  
  49  6:31  Marine x2  
  49  6:32  Barracks, Marine, Engineering Bay  
  51  6:33  Barracks  
  52  6:41  SCV x2  
  54  7:01  Supply Depot  
  54  7:03  Supply Depot  
  54  7:05  Supply Depot  
  54  7:06  Combat Shield  
  54  7:08  Stimpack  
  54  7:21  Terran Infantry Weapons Level 1  
  54  7:22  Terran Infantry Armor Level 1, Marine x5, SCV  
  62  7:23  Marauder  
  62  7:30  Marine x2  
  64  7:37  Refinery  
  64  7:38  Refinery  
  64  7:40  Liberator, Marauder  
  71  7:44  Marauder  
  71  7:53  Barracks Reactor  
  71  7:54  Barracks Tech Lab  
  71  8:02  Marauder  
  75  8:05  Marauder  
  75  8:06  Armory  
  75  8:16  SCV x2  
  77  8:25  Marine  
  78  8:33  Marine x4  
  78  8:34  Medivac x2, SCV x2, Marine x2, Marauder x2  
  94  8:45  Command Center  
  94  9:12  Sensor Tower  
  94  9:16  Supply Depot  
  94  9:17  Supply Depot  
  94  9:25  Sensor Tower  
  94  9:29  Terran Vehicle Weapons Level 1  
  94  9:37  Armory  
  94  9:38  Medivac, SCV, Marine x7  
  102  9:43  Terran Infantry Weapons Level 2  
  104  9:55  Terran Infantry Armor Level 2  
  104  10:04  Medivac  
  104  10:05  Marine  
  104  10:06  Marine  
  104  10:07  Marauder, Marine x2  
  112  10:18  Siege Tank  
  115  10:34  Marine x2  
  115  10:35  Marauder x2, Marine x3  
  123  10:36  Marine  
  123  10:41  Planetary Fortress  
  125  11:04  Marine x3  
  125  11:05  Viking, Marine x2, Marauder, Medivac  
  107  11:14  Marine  
  107  11:15  Marauder, Marine x2  
  107  11:16  Marauder  
  114  11:23  SCV x3  
  114  11:24  Terran Vehicle And Ship Armor Level 1  
  117  11:29  Marine  
  117  11:30  Marauder  
  120  11:35  SCV x3, Medivac  
  125  11:46  Marauder, Marine x2  
  129  11:48  Supply Depot  
  129  11:52  Supply Depot  
  129  11:59  Marine x2  
  129  12:00  Marauder  
  133  12:01  Sensor Tower  
  133  12:08  Concussive Shells  
  133  12:10  Medivac x2, Marine x3  
  127  12:50  Marine  
  127  12:51  Marine  
  117  12:52  Marine x7  
  117  12:53  Marine x3  
  117  12:54  Marauder  
  108  13:22  Supply Depot  
  108  13:25  Supply Depot  
  108  13:26  Supply Depot  
  107  13:32  Supply Depot  
  73  13:42  Marine x4  
  73  13:43  Medivac, Marine x5  
  73  13:44  Marauder, Marine  
  44  14:00  Marine x4  
  44  14:01  Marauder, Marine x2  
  30  14:27  Marine x3  
  30  14:28  Marauder  
  35  14:42  SCV  
  33  14:54  SCV  
Tags
 
League
Gold
Matchup
TvZ
Replay Pack
Multiplayer
Spawn Locations
Cross Positions
Add a new tag
Caveats
  • Supply blocks, unpowered buildings, or Contaminate may cause inaccurate times.
  • Supply counts are checked every 10 seconds.